 Dungeon Crawl Stone Soup version 0.17-a0-1545-gc1bb672 (webtiles) character file.

65 Lathuz the Conjurer (level 3, 0/19 HPs)
             Began as a Deep Elf Conjurer on July 18, 2015.
             Slain by a worm (10 damage)
             ... on level 3 of the Dungeon.
             The game lasted 00:04:27 (2051 turns).

Lathuz the Conjurer (Deep Elf Conjurer)             Turns: 2051, Time: 00:04:27

Health: 0/19       AC:  7    Str:  6    XL:     3   Next: 92%
Magic:  1/9        EV: 13    Int: 19    God:
Gold:   117        SH:  0    Dex: 15    Spells: 1 memorised, 7 levels left

rFire  . . .     SeeInvis .     k - +1 mace (protect)
rCold  . . .     Clarity  .     a - +0 robe
rNeg   . . .     SustAt   .     (no shield)
rPois  .         Gourm    .     (no helmet)
rElec  .         Spirit   .     (no cloak)
rCorr  .         Warding  .     (no gloves)
rMut   .         Stasis   .     (no boots)
MR     .....                    (no amulet)
Stlth  ++........               (no ring)
                                (no ring)

@: not resistant to hostile enchantments, unstealthy
A: no striking features
a: no special abilities


You were on level 3 of the Dungeon.
You were not hungry.

You visited 1 branch of the dungeon, and saw 3 of its levels.

You collected 117 gold pieces.

Inventory:

Hand weapons
 k - a +1 mace of protection (weapon)
Armour
 a - a +0 robe (worn)
Scrolls
 e - 2 scrolls of remove curse {unknown}
 f - a scroll of blinking {unknown}
 g - 2 scrolls of enchant weapon {unknown}
 n - a scroll of fear {unknown}
Potions
 d - a potion of brilliance {unknown}
 h - 3 potions of haste {unknown}
 l - a potion of cure mutation {unknown}
 m - a potion of might {unknown}
 p - a potion of curing {unknown}
 q - 2 potions of flight {unknown}
 r - a potion of poison {unknown}
Books
 b - a book of Conjurations

   Spells                             Type                      Level
   a - Magic Dart                     Conjuration                  1
   b - Searing Ray                    Conjuration                  2
   c - Dazzling Spray                 Conjuration/Hexes            3
   d - Fulminant Prism                Conjuration/Hexes            4
   e - Iskenderun's Mystic Blast      Conjuration                  4
   f - Iskenderun's Battlesphere      Conjuration/Charms           5
Comestibles
 c - a bread ration
 i - a beef jerky
 j - a meat ration
 o - 2 slices of pizza


   Skills:
 - Level 2.4 Dodging
 - Level 2.4 Stealth
 - Level 3.0 Spellcasting
 + Level 6.1 Conjurations


You had 7 spell levels left.
You knew the following spells:

 Your Spells              Type           Power        Failure   Level  Hunger
a - Magic Dart            Conj           ####         1%          1    None


Dungeon Overview and Level Annotations

Branches:
Dungeon (3/15)

Altars:
Ashenzari


Message History

Aim: a worm (severely wounded)
The magic dart hits the worm.
The worm is severely wounded.
The worm misses you.
Casting: Magic Dart
Confirm with . or Enter, or press ? or * to list all spells.
Aiming: Magic Dart
Press: ? - help, Shift-Dir - straight line, f/p - worm
Aim: a worm (severely wounded)
The magic dart hits the worm.
The worm is almost dead.
Casting: Magic Dart
Confirm with . or Enter, or press ? or * to list all spells.
Aiming: Magic Dart
Press: ? - help, Shift-Dir - straight line, p - worm A hand axe.
There is something else lying underneath.
The worm bites you!
Ouch! That really hurt!
You die...

.$. #.# # #. #.# .#
#.# # #.# .# #.#
#.#.#..# #.#
#.#.#..# ##.##
#.w..).#
##...#####@...#
#.............#
#....#####..#.#
#.#.## #..# #
#.#.######..# #
#####.#..........
.##...............##
....###.#########.#
..<.# #.# .#


You could see a worm.

Vanquished Creatures
  Natasha (D:2)
  2 giant geckos (D:1)
  An orc (D:3)
  7 bats
  A giant cockroach (D:1)
  4 goblins
  3 hobgoblins (D:1)
  A quokka (D:2)
  3 giant newts (D:1)
  7 kobolds
  9 rats
39 creatures vanquished.

Notes
Turn   | Place    | Note
--------------------------------------------------------------
     0 | D:1      | Lathuz the Deep Elf Conjurer began the quest for the Orb.
     0 | D:1      | Reached XP level 1. HP: 10/10 MP: 6/6
   194 | D:1      | Reached XP level 2. HP: 15/15 MP: 5/8
   224 | D:1      | Reached skill level 5 in Conjurations
  1003 | D:2      | Found a shattered altar of Ashenzari.
  1056 | D:2      | Reached XP level 3. HP: 19/19 MP: 5/9
  1411 | D:2      | Noticed Natasha
  1417 | D:2      | Killed Natasha
  1417 | D:2      | Reached skill level 6 in Conjurations
  2051 | D:3      | Slain by a worm

Vault maps used:
D:1:      minmay_arrival_semitransparent, st_stairs_8
D:2:      nicolae_overflow_hidden_temple, st_stairs_5, uniq_natasha
D:3:      first_bread, uniq_robin

Action                   || total
-------------------------++-------
 Cast: Magic Dart        ||    76
  Eat: Chunk             ||     2
       Bread ration      ||     1
